 Dungeon Crawl Stone Soup version 0.22-a0-247-gbddf880 (webtiles) character file.

70142 Amnesiac the Deadly Accurate (level 15, -12/191 HPs)
             Began as an Ogre Fighter on Feb 24, 2018.
             Was the Champion of Okawaru.
             Mangled by a cyan ugly thing (16 damage)
             ... on level 2 of the Depths.
             The game lasted 00:40:30 (20352 turns).

Amnesiac the Deadly Accurate (Ogre Fighter)        Turns: 20352, Time: 00:40:31

Health: -12/191    AC: 10    Str: 29    XL:     15   Next: 32%
Magic:  21/21      EV: 10    Int: 12    God:    Okawaru [******]
Gold:   782        SH: 16    Dex:  8    Spells: 14/14 levels left

rFire    + . .     SeeInvis +   b - +8 hunting sling of the Blessed Realm {venom, MR+ Int+3 Stlth+}
rCold    . . .     Gourm    .   c - +0 shield
rNeg     . . .     Faith    .   I - +0 acid dragon scales
rPois    +         Spirit   .   P - +0 hat "Woram" {Slay+4}
rElec    .         Reflect  +   M - +2 cloak {rPois}
rCorr    +         Harm     .   (gloves unavailable)
MR       ++...     Clarity  +   (boots unavailable)
Stlth    ++........             o - +5 amulet of reflection
HPRegen  0.41/turn              n - ring of see invisible
MPRegen  0.17/turn              R - ring of protection from fire

@: no status effects
A: large, unfitting armour, talons 1, clarity, robust 1, tough skin 1
a: Heroism, Finesse, Renounce Religion


You were on level 2 of the Depths.
You worshipped Okawaru.
Okawaru was exalted by your worship.
You were not hungry.

You visited 2 branches of the dungeon, and saw 17 of its levels.
You also visited: Labyrinth.

You collected 999 gold pieces.
You spent 217 gold pieces at shops.

Inventory:

Hand Weapons
 a - the +6 trident of Alergh {chaos, +Blink MR+}
   (You found it on level 8 of the Dungeon)

   Each time it hits an enemy it has a different, random effect.
   It affects your resistance to hostile enchantments.
   It lets you blink.
 b - the +8 hunting sling of the Blessed Realm (weapon) {venom, MR+ Int+3 Stlth+}
   (You found it in a labyrinth)

   It poisons the ammo it fires.
   It affects your intelligence (+3).
   It affects your resistance to hostile enchantments.
   It makes you more stealthy.
 p - the +9 scimitar of Wyrd {slice, +Blink Stlth+}
   (You found it in a labyrinth)

   It inflicts extra damage upon your enemies.
   It lets you blink.
   It makes you more stealthy.
 v - a +0 blowgun
Missiles
 e - 387 stones
 l - 65 poisoned needles
 t - 8 needles of paralysis
 u - 2 sling bullets
 E - 10 tomahawks
 G - 3 steel tomahawks
 K - 6 tomahawks of returning
 T - 17 poisoned javelins (quivered)
Armour
 c - a +0 shield (worn)
 m - a +2 robe of magic resistance
 C - a +1 robe of cold resistance
 I - +0 acid dragon scales (worn)
 M - a +2 cloak of poison resistance (worn)
 O - a +2 hat of magic resistance
 P - the +0 hat "Woram" (worn) {Slay+4}
   (Okawaru gifted it to you on level 14 of the Dungeon)

   It affects your accuracy and damage with ranged weapons and melee attacks
   (+4).
Jewellery
 h - an uncursed ring of ice
 n - a ring of see invisible (left hand)
 o - a +5 amulet of reflection (around neck)
 R - a ring of protection from fire (right hand)
Wands
 q - a wand of flame (56)
 F - a wand of random effects (57)
 U - a wand of iceblast (25)
 W - a wand of enslavement (11)
 Z - a wand of acid (8)
Scrolls
 g - 3 scrolls of magic mapping {!r}
 i - 6 scrolls of enchant weapon {!r}
 k - 10 scrolls of remove curse {!r}
 y - 3 scrolls of amnesia {!r}
 B - 2 scrolls of identify {!r}
 V - 9 scrolls of teleportation {!r}
Potions
 j - 6 potions of curing {!q}
 r - 3 potions of flight {!q}
 s - 3 potions of magic {!q}
 w - 4 potions of heal wounds {!q}
 x - a potion of might {!q}
 z - 2 potions of ambrosia {!q}
 D - a potion of brilliance {!q}
 H - 2 potions of mutation {!q}
 L - 2 potions of invisibility {!q}
 Q - 2 potions of resistance {!q}
 S - a potion of agility {!q}
Miscellaneous
 J - a sack of spiders
 N - a lightning rod (4/4)
 X - a box of beasts
 Y - a lamp of fire
Comestibles
 f - 35 rations


   Skills:
 + Level 17.1 Fighting
 - Level 2.0 Polearms
 * Level 18.5 Throwing
 - Level 3.0 Dodging
 - Level 9.0 Shields
 - Level 8.0 Invocations


You had 14 spell levels left.
You didn't know any spells.

Dungeon Overview and Level Annotations

Branches:
Dungeon (15/15)            Temple (0/1) D:5            Lair (0/6) D:10
    Orc (0/2) D:12         Vaults (0/5) D:13         Depths (2/5) D:15

Altars:
Cheibriados
Hepliaklqana
Makhleb
Nemelex Xobeh
Okawaru
Qazlal
Ru
Uskayaw
Yredelemnul
The Shining One

Shops:
D:12 *   D:15 *   Depths:1 [=*

Portals:
Hell: Depths:1
Abyss: Depths:1
Ziggurat: Depths:2

Annotations:
D:10 exclusion: downstairs
D:12 exclusion: downstairs


Innate Abilities, Weirdness & Mutations

You are too large for most types of armour.
You have tough skin. (AC +1)
You have sharp toenails.
You possess an exceptional clarity of mind.
You are robust. (+10% HP)


Message History

You block the cyan ugly thing's attack.
Throwing (i - inventory. (/) - cycle)
A - 3 large rocks (quivered)
Press: ? - help, Shift-Dir - straight line, f/p - cyan ugly thing
Aim: a cyan ugly thing (heavily wounded)
You throw a large rock.
The large rock hits the cyan ugly thing!!
The cyan ugly thing is almost dead.
You block the cyan ugly thing's attack.
Throwing (i - inventory. (/) - cycle)
A - 2 large rocks (quivered)
Press: ? - help, Shift-Dir - straight line, f/p - cyan ugly thing
Aim: a cyan ugly thing (almost dead)
You throw a large rock.
The large rock hits the cyan ugly thing!!!
You kill the cyan ugly thing!
Okawaru accepts your kill. You block the cyan ugly thing's attack.
Throwing (i - inventory. (/) - cycle)
A - a large rock (quivered)
Press: ? - help, Shift-Dir - straight line, f - cyan ugly thing
Aim: a cyan ugly thing You throw a large rock.
The large rock hits the cyan ugly thing!!!
The cyan ugly thing is almost dead.
You block the cyan ugly thing's attack. The cyan ugly thing punches you.
* * * LOW HITPOINT WARNING * * *
The cyan ugly thing shocks you!
* * * LOW HITPOINT WARNING * * *
The cyan ugly thing barely misses you.
You are too injured to fight recklessly!
Firing (i - inventory. (/) - cycle)
e - 389 stones (quivered)
Press: ? - help, Shift-Dir - straight line, f/p - cyan ugly thing
Aim: a cyan ugly thing (almost dead)
You shoot a stone. The stone hits the cyan ugly thing!
The cyan ugly thing is poisoned.
The cyan ugly thing is almost dead.
Firing (i - inventory. (/) - cycle)
e - 388 stones (quivered)
Press: ? - help, Shift-Dir - straight line, f/p - cyan ugly thing
Aim: a cyan ugly thing (almost dead, poisoned)
You shoot a stone. The stone hits the cyan ugly thing!
You kill the cyan ugly thing!
Okawaru accepts your kill.
The cyan ugly thing punches you but does no damage.
Quiver which item? (- for none, * to show all) (? for menu, Esc to quit)
Quivering
T - 18 poisoned javelins for throwing.
Throwing (i - inventory. (/) - cycle)
T - 18 poisoned javelins (quivered)
Press: ? - help, Shift-Dir - straight line, f - cyan ugly thing
Aim: a cyan ugly thing You throw a poisoned javelin.
The poisoned javelin hits the cyan ugly thing!
The cyan ugly thing looks as sick as possible!
The cyan ugly thing is lightly wounded.
The cyan ugly thing punches you!
* * * LOW HITPOINT WARNING * * *
The cyan ugly thing shocks you!
* * * LOW HITPOINT WARNING * * *
Okay, then.
Really read
d - a scroll labeled LAS XYNNILYAHA {!r}?
As you read the scroll labeled LAS XYNNILYAHA {!r}, it crumbles to dust.
Your body is wracked with pain!
* * * LOW HITPOINT WARNING * * *
The cyan ugly thing convulses!
It was a scroll of torment {!r}.
The cyan ugly thing punches you!
* * * LOW HITPOINT WARNING * * *
The cyan ugly thing shocks you!
You die...

#...#...#....8.8.#
#...#...'........+ .
#...#...#.......## .
#+#)##.##.......# #.
#.#..#(#........#
#######..
#.#.('.#........#
#(...#..#
#.#'####........#
#(.....##
#.)....#..[.....#
#..<.##A
#......##......@#
#.#+..##
#.......#.....(u####
# #.#uc#
####....#.....#'#..#
+...u(.
#'##.#.....#....#
#.....(
#..#########....#
#######
##...#...........#
#...>#...........#
##..###...(.......#
#..## ####......(##


You could see a cyan ugly thing.

Vanquished Creatures
  A fire giant (Depths:1)
  A very ugly thing (Depths:1)
  The ghost of Amnesiac the Fetichist, a journeyman DEAr of Gozag (Depths:1)
  3 stone giants
  A minotaur (Lab)
  An ettin (Depths:2)
  2 jiangshi (Depths:1)
  A merfolk impaler (Depths:1)
  3 fire dragons (Depths:2)
  A rakshasa (Depths:1)
  4 vault guards (D:13)
  2 hydras
  Erica (D:9)
  An ogre mage (D:15)
  3 centaur warriors
  10 two-headed ogres
  A death knight (D:13)
  6 tengu warriors
  The ghost of Karim the Summoner, a novice GnSu of Kikubaaqudgha (D:9)
  A vampire mage (Depths:2)
  A deep elf knight (D:13)
  The ghost of Gorglomux the Protected, a novice MiCj of Okawaru (D:7)
  A spriggan berserker (Depths:2)
  The ghost of Gildeon the Cleaver, a novice MiFi of Makhleb (D:6)
  An unseen horror (D:10)
  A storm dragon skeleton (Depths:2)
  A wizard (Depths:1)
  A golden dragon skeleton (Depths:2)
  2 orc knights
  Pikel (D:4)
  2 phantasmal warriors
  A necromancer (Depths:2)
  An orc sorcerer (D:13)
  14 ugly things
  2 deep elf magi
  A fire giant zombie (Depths:2)
  2 cyclopes
  4 gargoyles
  Psyche (D:8)
  3 efreet
  2 freezing wraiths
  A tengu conjurer (D:13)
  4 yaktaurs
  A komodo dragon (D:10)
  A kobold demonologist (D:13)
  A komodo dragon (shapeshifter) (D:15)
  6 trolls
  Grinder (D:4)
  A dream sheep (shapeshifter) (D:14)
  6 slime creatures
  2 hippogriffs
  A stone giant simulacrum (Depths:2)
  2 shadows
  A vampire (D:13)
  2 wyverns
  2 wraiths
  A spriggan (D:8)
  Eustachio (D:6)
  A tarantella (shapeshifter) (D:10)
  2 basilisks
  A water elemental (D:13)
  A golden eye (shapeshifter) (Depths:1)
  6 yaks
  A steam dragon (D:13)
  5 vampire mosquitoes
  A hungry ghost (D:11)
  3 acid dragons
  2 water moccasins
  2 porcupines (D:10)
  3 slaves
  2 sky beasts
  5 ice beasts
  11 orc warriors
  4 phantoms
  A black bear (D:8)
  An eye of draining (D:10)
  10 ogres
  9 centaurs
  A crocodile (D:12)
  Blork the orc (D:5)
  3 big kobolds
  10 bullfrogs
  An earth elemental (Lab)
  A wyvern skeleton (D:13)
  2 wyvern zombies
  5 scorpions
  10 killer bees
  A wight (D:10)
  4 howler monkeys
  4 centaur zombies
  5 crimson imps
  2 bullfrog zombies
  3 jellies
  2 quasits
  A hound (D:11)
  A bullfrog skeleton (D:11)
  10 orc priests
  16 orc wizards
  5 centaur skeletons
  A gnoll shaman (D:8)
  3 iguanas
  7 worker ants
  2 hound zombies
  2 hound skeletons
  2 howler monkey zombies
  A worker ant zombie (D:6)
  16 gnolls
  12 adders
  5 shadow imps
  4 oozes
  An adder skeleton (D:8)
  3 worms
  3 dart slugs
  4 leopard geckos
  56 orcs
  6 giant cockroaches
  8 goblins
  9 hobgoblins
  12 jackals
  9 quokkas
  2 ball pythons
  2 bats
  6 frilled lizards
  18 kobolds
  A leopard gecko skeleton (D:5)
  6 rats
483 creatures vanquished.

Vanquished Creatures (others)
  A yaktaur captain (D:15)
  A yaktaur (D:14)
  An orc warrior (D:13)
  2 centaurs
  A worker ant (D:13)
  A jackal (D:5)
  2 kobolds (D:9)
  A fungus (D:10)
10 creatures vanquished.

Grand Total: 493 creatures vanquished

Notes
Turn   | Place    | Note
-------+----------+-------------------------------------------
     0 | D:1      | Amnesiac the Ogre Fighter began the quest for the Orb.
     0 | D:1      | Reached XP level 1. HP: 24/24 MP: 1/1
   143 | D:1      | Reached XP level 2. HP: 30/32 MP: 2/2
   209 | D:1      | Reached skill level 1 in Throwing
   481 | D:1      | Reached XP level 3. HP: 39/39 MP: 3/3
   554 | D:1      | Reached skill level 2 in Throwing
  1385 | D:2      | Reached XP level 4. HP: 48/48 MP: 4/4
  1410 | D:2      | Reached skill level 3 in Throwing
  1786 | D:2      | Found an iron altar of Okawaru.
  1791 | D:2      | Became a worshipper of Warmaster Okawaru
  2234 | D:3      | Found a stormy altar of Qazlal.
  2249 | D:3      | Reached skill level 4 in Throwing
  2249 | D:3      | Reached XP level 5. HP: 54/54 MP: 5/5
  2928 | D:4      | Reached skill level 5 in Throwing
  2940 | D:4      | Reached XP level 6. HP: 62/62 MP: 6/6
  3558 | D:4      | Reached skill level 1 in Invocations
  3729 | D:5      | Entered Level 5 of the Dungeon
  3742 | D:5      | Reached * piety under Okawaru
  3749 | D:5      | Reached XP level 7. HP: 56/71 MP: 6/8
  3783 | D:5      | Noticed Grinder
  3785 | D:5      | Noticed Pikel
  3821 | D:4      | Paralysed by Grinder for 2 turns
  3839 | D:4      | Paralysed by Grinder for 4 turns
  3850 | D:4      | Paralysed by Grinder for 6 turns
  3862 | D:4      | Killed Grinder
  3862 | D:4      | Reached ** piety under Okawaru
  3862 | D:4      | Reached skill level 5 in Fighting
  3862 | D:4      | Reached skill level 6 in Throwing
  4200 | D:4      | Killed Pikel
  4200 | D:4      | Reached skill level 7 in Throwing
  4200 | D:4      | Reached XP level 8. HP: 33/83 MP: 8/10
  4502 | D:5      | Found a staircase to the Ecumenical Temple.
  4706 | D:5      | Noticed Blork the orc
  4722 | D:5      | Killed Blork the orc
  5376 | D:5      | Reached *** piety under Okawaru
  5425 | D:6      | Reached XP level 9. HP: 77/92 MP: 12/12
  5433 | D:6      | Reached skill level 8 in Throwing
  5511 | D:6      | Reached skill level 5 in Shields
  5680 | D:6      | Noticed Gildeon's ghost (novice MiFi)
  6215 | D:6      | Killed Gildeon's ghost
  6215 | D:6      | Reached skill level 5 in Invocations
  6402 | D:6      | Noticed Eustachio
  6444 | D:6      | Killed Eustachio
  6444 | D:6      | Reached skill level 9 in Throwing
  6714 | D:6      | Reached **** piety under Okawaru
  6775 | D:6      | Found a sparkling altar of Nemelex Xobeh.
  6922 | D:7      | Noticed Gorglomux's ghost (novice MiCj)
  7549 | D:7      | Killed Gorglomux's ghost
  7549 | D:7      | Reached ***** piety under Okawaru
  7549 | D:7      | Reached XP level 10. HP: 106/106 MP: 14/14
  7950 | D:8      | Reached skill level 10 in Throwing
  8185 | D:8      | Noticed Psyche
  8203 | D:8      | Got a slimy trident
  8215 | D:8      | Identified the +6 trident of Alergh {chaos, +Blink MR+} (You found it on level 8 of the Dungeon)
  8504 | D:8      | Killed Psyche
  8657 | D:8      | Noticed a cyan ugly thing
  8668 | D:8      | Killed a cyan ugly thing
  8668 | D:8      | Received a gift from Okawaru
  8761 | D:8      | Found a hazy altar of Hepliaklqana.
  9244 | D:9      | Noticed Erica
  9244 | D:9      | Noticed a two-headed ogre
  9245 | D:9      | Noticed Karim's ghost (novice GnSu)
  9284 | D:9      | Killed a two-headed ogre
  9288 | D:9      | Gained mutation: You possess an exceptional clarity of mind. [potion of mutation]
  9288 | D:9      | Gained mutation: You have sharp toenails. [potion of mutation]
  9288 | D:9      | Gained mutation: You are robust. (+10% HP) [potion of mutation]
  9296 | D:9      | Killed Erica
  9296 | D:9      | Received a gift from Okawaru
  9296 | D:9      | Reached skill level 10 in Fighting
  9296 | D:9      | Reached skill level 11 in Throwing
  9296 | D:9      | Reached XP level 11. HP: 33/128 MP: 16/16
  9311 | D:9      | Killed Karim's ghost
  9492 | D:9      | Found a snail-covered altar of Cheibriados.
  9509 | D:9      | Reached ****** piety under Okawaru
  9532 | D:9      | Found a hide-covered altar of Uskayaw.
  9535 | D:9      | Noticed a hand axe
  9537 | D:9      | Noticed a hand axe
  9624 | D:9      | Received a gift from Okawaru
  9745 | D:9      | Found a sacrificial altar of Ru.
  9745 | D:9      | Found a basalt altar of Yredelemnul.
  9746 | D:9      | Found a burning altar of Makhleb.
 10047 | D:10     | Entered Level 10 of the Dungeon
 10724 | D:10     | Found a staircase to the Lair.
 10731 | D:10     | Received a gift from Okawaru
 10855 | D:10     | Identified Kiegen's Catalogue of Scorching Clay
 10899 | D:10     | Identified the Almanac of the Oath and Toxins
 10938 | D:10     | Found a hide-covered altar of Uskayaw.
 10968 | D:10     | Noticed a two-headed ogre
 10981 | D:10     | Killed a two-headed ogre
 10981 | D:10     | Reached skill level 12 in Throwing
 11506 | D:10     | Noticed an unseen horror
 11520 | D:10     | Killed an unseen horror
 11541 | D:10     | Reached XP level 12. HP: 111/143 MP: 18/18
 11720 | D:10     | Noticed a two-headed ogre
 11722 | D:10     | Killed a two-headed ogre
 12175 | D:11     | Found a labyrinth entrance.
 12179 | Lab      | Entered a labyrinth
 12261 | Lab      | Noticed a minotaur
 12277 | Lab      | Killed a minotaur
 12277 | Lab      | Received a gift from Okawaru
 12277 | Lab      | Reached skill level 13 in Throwing
 12309 | Lab      | Got a jewelled scimitar
 12309 | Lab      | Got an ancient hunting sling
 12316 | D:11     | Identified the +8 hunting sling of the Blessed Realm {venom, MR+ Int+3 Stlth+} (You found it in a labyrinth)
 12317 | D:11     | Identified the +9 scimitar of Wyrd {slice, +Blink Stlth+} (You found it in a labyrinth)
 12886 | D:12     | Found a staircase to the Orcish Mines.
 13142 | D:12     | Noticed a four-headed hydra
 13148 | D:12     | Killed a four-headed hydra
 13187 | D:12     | Found Waofibil's Assorted Antiques.
 13199 | D:12     | Bought a scroll of enchant weapon for 217 gold pieces
 13799 | D:13     | Noticed a death knight
 13831 | D:13     | Killed a death knight
 13831 | D:13     | Received a gift from Okawaru
 13831 | D:13     | Reached skill level 14 in Throwing
 14355 | D:13     | Reached XP level 13. HP: 158/158 MP: 19/19
 14506 | D:13     | Noticed a vault guard
 14511 | D:13     | Killed a vault guard
 14714 | D:13     | Noticed a vault guard
 14722 | D:13     | Killed a vault guard
 14728 | D:13     | Noticed a vault guard
 14729 | D:13     | Noticed a vault guard
 14734 | D:13     | Killed a vault guard
 14752 | D:13     | Reached skill level 15 in Throwing
 14765 | D:13     | Killed a vault guard
 14765 | D:13     | Received a gift from Okawaru
 14842 | D:13     | Found a gate to the Vaults.
 15691 | D:14     | Reached skill level 16 in Throwing
 15869 | D:14     | Found a flagged portal.
 16027 | D:14     | Received a gift from Okawaru
 16037 | D:14     | Reached XP level 14. HP: 136/172 MP: 20/20
 16039 | D:14     | Got a twisted hat {god gift}
 16050 | D:14     | Identified the +0 hat "Woram" {Slay+4} (Okawaru gifted it to you on level 14 of the Dungeon)
 16119 | D:14     | Reached skill level 15 in Fighting
 16635 | D:15     | Entered Level 15 of the Dungeon
 16729 | D:15     | Found a staircase to the Depths.
 16867 | D:15     | HP: 8/174 [acid dragon/splash of acid (4)]
 16867 | D:15     | HP: 2/174 [acid (6)]
 17855 | D:15     | Reached skill level 17 in Throwing
 18166 | D:15     | Found Ocogun's Assorted Antiques.
 18322 | Depths:1 | Entered Level 1 of the Depths
 18322 | Depths:1 | Noticed a fire giant
 18329 | Depths:1 | Killed a fire giant
 18348 | Depths:1 | Found Luci Omo's Armour Shoppe.
 18396 | Depths:1 | Noticed a stone giant
 18401 | Depths:1 | Killed a stone giant
 18431 | Depths:1 | Received a gift from Okawaru
 18469 | Depths:1 | Received a gift from Okawaru
 18761 | Depths:1 | Noticed Amnesiac's ghost (journeyman DEAr)
 18790 | Depths:1 | Killed Amnesiac's ghost
 18802 | Depths:1 | Noticed a stone giant
 18806 | Depths:1 | Killed a stone giant
 19076 | Depths:1 | Found a glowing golden altar of the Shining One.
 19143 | Depths:1 | Found Fiureler's General Store.
 19147 | Depths:1 | Found Ihafiam's Jewellery Emporium.
 19414 | Depths:1 | Found a gateway to Hell.
 19493 | Depths:1 | Found a one-way gate to the infinite horrors of the Abyss.
 19584 | Depths:2 | Found a gateway to a ziggurat.
 19584 | Depths:2 | Noticed an angel
 19584 | Depths:2 | Noticed an angel
 19584 | Depths:2 | Noticed an angel
 19598 | Depths:2 | Noticed a white very ugly thing
 19599 | Depths:2 | Noticed a white very ugly thing
 19612 | Depths:2 | Noticed a white very ugly thing
 19616 | Depths:1 | Killed a brown very ugly thing
 19651 | Depths:2 | Noticed a stone giant
 19656 | Depths:2 | Killed a stone giant
 19656 | Depths:2 | Reached skill level 18 in Throwing
 19656 | Depths:2 | Reached XP level 15. HP: 93/188 MP: 21/21
 20327 | Depths:2 | Received a gift from Okawaru
 20352 | Depths:2 | HP: 4/191 [cyan ugly thing (9)]
 20352 | Depths:2 | Mangled by a cyan ugly thing

Vault maps used:
D:1:      lightli_arrival_farm, minmay_octomino_j4
D:2:      minmay_curled_crystal, okawaru_trees_1
D:3:      first_ration, nicolae_qazlal_eye_of_the_storm
D:5:      corexii_shack_village, minmay_temple_entry_hall, uniq_grinder,
          uniq_blork_the_orc, uniq_pikel
D:6:      basic_altar, uniq_eustachio
D:8:      basic_altar, grunt_pizzeria, uniq_psyche
D:9:      chequers_temple_overflow_statue_of_worship, dancing_weapons_uskayaw,
          small_statue_intersection, uniq_erica
D:10:     minmay_the_grid_octo_tiled_squarecenter,
          grunt_lair_entry_orc_guard_hut, basic_altar,
          minmay_misc_feat_four_crosses
D:11:     lab_entry_generic, small_chamber_with_monster
D:12:     orc_0_dummy, serial_shops, shop
D:13:     grunt_vaults_entry_fortified
D:14:     kennysheep_another_room, enter_bailey_3, grunt_decor_arrowhead,
          serial_park_tiny_1
D:15:     grunt_enter_depths_snipers, minmay_misc_feat_columns, serial_shops,
          shop
Depths:1: abyss_entry_small_statue_room, hangedman_geh_valley,
          nicolae_water_bricks, tso_metal_star, minmay_shop_star
Depths:2: angbandy_vault, enter_ziggurat_c, rand_demon_pan_entry_8,
          minmay_staircase_statues, nicolae_abyss_entry_one_way_or_another,
          grunt_hell_entry_dis_mu, evilmike_ruin_ashenzari
Lab:      labyrinth_spiral, labyrinth_skeletal_remains, nicolae_lab_quarters,
          labyrinth_fake_exit, nicolae_lab_checkerboard, lab_block,
          nicolae_lab_very_dead_end, nicolae_lab_flowing_pool,
          nicolae_lab_diamond, lab_statue

Skill      XL: |  1  2  3  4  5  6  7  8  9 10 11 12 13 14 15 |
---------------+----------------------------------------------+-----
Throwing       | 1 2 4 5 7 9 11 12 14 16 18 | 18.5
Dodging        | 3 |  3.0
Shields        | 3 4 6 7 8 9 |  9.0
Invocations    | 1 3 4 6 7 8 |  8.0
Fighting       | 6 8 10 11 13 14 16 17 | 17.1
Polearms       | |  2.0

Action                   |  1- 3 |  4- 6 |  7- 9 | 10-12 | 13-15 || total
-------------------------+-------+-------+-------+-------+-------++-------
Melee: Trident           |    82 |       |       |   440 |       ||   522
       Unarmed           |       |       |    51 |       |       ||    51
       Hunting sling     |       |       |     1 |       |       ||     1
       Dagger            |       |       |   214 |       |       ||   214
       Kick              |       |       |       |    91 |       ||    91
       Scimitar          |       |       |       |    32 |       ||    32
 Fire: Hunting sling     |    43 |   241 |   365 |   297 |   561 ||  1507
Throw: Large rock        |       |       |       |    29 |    87 ||   116
       Tomahawk          |       |       |       |     2 |       ||     2
       Javelin           |       |       |       |       |     1 ||     1
Invok: Heroism           |       |       |       |     2 |     2 ||     4
       Finesse           |       |       |       |     2 |     2 ||     4
Evoke: Box of beasts     |       |       |       |       |     1 ||     1
  Use: Potion            |       |       |     9 |     9 |     3 ||    21
       Scroll            |       |       |     2 |    15 |     6 ||    23
 Stab: Invisible         |       |       |       |     3 |       ||     3
       Paralysed         |       |       |       |     4 |       ||     4
       Confused          |       |       |       |     1 |       ||     1
       Petrifying        |       |       |       |     2 |       ||     2
  Eat: Chunk             |     2 |     5 |     7 |    22 |     9 ||    45
       Ration            |       |       |     2 |     1 |     2 ||     5
Armor: Robe              |    21 |    18 |   113 |    99 |       ||   251
       Skin              |       |       |    19 |    26 |       ||    45
       Acid dragon scale |       |       |       |    23 |    61 ||    84
Dodge: Dodged            |    38 |    27 |   132 |   131 |    83 ||   411
Block: Shield            |    39 |    64 |   405 |   413 |   226 ||  1147
       Reflection        |       |     1 |     6 |    22 |    23 ||    52
       Rpst.: Scimitar   |       |       |       |     3 |       ||     3

Table legend:
 A = Spawn XP
 B = Non-spawn XP
 C = Spawn XP percentage of total XP
 D = Spawn monster count
 E = Non-spawn monster count
 F = Spawn count percentage of total count
 G = Total turns spent on level
                    A         B        C        D         E        F      G
               +---------+---------+-------+---------+---------+-------+---------
         Total |       0 |  100203 |   0.0 |       0 |     487 |   0.0 | 20352
               +---------+---------+-------+---------+---------+-------+---------
           D:1 |       0 |      57 |   0.0 |       0 |      25 |   0.0 |   888
           D:2 |       0 |      68 |   0.0 |       0 |      20 |   0.0 |  1120
           D:3 |       0 |     147 |   0.0 |       0 |      25 |   0.0 |   758
           D:4 |       0 |    1163 |   0.0 |       0 |      10 |   0.0 |  1577
           D:5 |       0 |     848 |   0.0 |       0 |      25 |   0.0 |  1343
           D:6 |       0 |    1578 |   0.0 |       0 |      23 |   0.0 |  1473
           D:7 |       0 |    1663 |   0.0 |       0 |      31 |   0.0 |   727
           D:8 |       0 |    2560 |   0.0 |       0 |      31 |   0.0 |  1249
           D:9 |       0 |    3714 |   0.0 |       0 |      29 |   0.0 |  1171
          D:10 |       0 |    7964 |   0.0 |       0 |      59 |   0.0 |  1545
          D:11 |       0 |    2304 |   0.0 |       0 |      32 |   0.0 |   809
          D:12 |       0 |    5291 |   0.0 |       0 |      24 |   0.0 |  1205
          D:13 |       0 |   14115 |   0.0 |       0 |      41 |   0.0 |  1410
          D:14 |       0 |   13742 |   0.0 |       0 |      44 |   0.0 |  2118
          D:15 |       0 |   13525 |   0.0 |       0 |      29 |   0.0 |   796
      Depths:1 |       0 |   16098 |   0.0 |       0 |      18 |   0.0 |  1314
      Depths:2 |       0 |   13809 |   0.0 |       0 |      18 |   0.0 |   716
           Lab |       0 |    1557 |   0.0 |       0 |       3 |   0.0 |   133
               +---------+---------+-------+---------+---------+-------+---------
